 Dungeon Crawl Stone Soup version 0.30-a0-972-gf3ab3527aa (webtiles) character file.

Game seed: 297742959435140467

291 mopl the Cudgeller (level 6, -3/53 HPs)
             Began as a Gnoll Monk on Mar 31, 2023.
             Was a Follower of Ru.
             Succumbed to a scorpion's poison
             ... on level 4 of the Dungeon.
             The game lasted 00:05:26 (2945 turns).

mopl the Cudgeller (Gnoll Monk)                     Turns: 2945, Time: 00:05:26

Health: -3/53      AC:  5    Str: 13    XL:     6   Next: 32%
Magic:  9/9        EV: 11    Int:  9    God:    Ru [*.....]
Gold:   122        SH:  0    Dex: 14    Spells: 9/9 levels left

rFire   . . .      SeeInvis .    u - +5 mace of Obsession {pain, *Rage rElec rN++ Stlth+}
rCold   . . .      Faith    .    (no shield)
rNeg    + + .      Spirit   .    n - +2 leather armour {Will+}
rPois   .          Reflect  .    (no helmet)
rElec   +          Rampage  .    (no cloak)
rCorr   .          Rage     20%  (no gloves)
Will    +....                    (no boots)
Stlth   ++++                     (no amulet)
HPRegen 0.28/turn                (no ring)
MPRegen 0.11/turn                (no ring)

@: lethally poisoned (-3 -> -23), on berserk cooldown
A: fangs 1, inability to train dodging, strong nose, distributed training
a: Renounce Religion


You were on level 4 of the Dungeon.
You worshipped Ru.
Ru was aware of your devotion.
You visited 2 branches of the dungeon, and saw 5 of its levels.

You collected 122 gold pieces.

Inventory:

Hand Weapons
 a - a +0 mace
 u - the +5 mace of Obsession (weapon) {pain, *Rage rElec rN++ Stlth+}
   (You found it on level 3 of the Dungeon)

   rElec:     It insulates you from electricity.
   rN:        It greatly protects you from negative energy.
   *Rage:     It berserks you when you make melee attacks (+20% chance).
   Stlth:     It makes you more stealthy.
 w - the +2 dagger of Syomaish {flame, rF+ Int+2 SInv}
   (You found it on level 4 of the Dungeon)

   Int:       It affects your intelligence (+2).
   rF:        It protects you from fire.
   SInv:      It lets you see invisible.
Missiles
 r - 8 poisoned darts (quivered)
 s - 3 boomerangs
 y - 6 silver boomerangs
Armour
 n - a +2 leather armour of willpower (worn)
Jewellery
 t - a ring of wizardry
Wands
 q - a wand of mindburst (21)
Scrolls
 b - a scroll of fog {unknown}
 d - 6 scrolls of identify {unknown}
 e - 2 scrolls of fear {unknown}
 f - a scroll of amnesia {unknown}
 g - a scroll of vulnerability {unknown}
 j - 4 scrolls of teleportation {unknown}
 l - 2 scrolls of blinking {unknown}
 o - a scroll of butterflies {unknown}
 v - a scroll of brand weapon {unknown}
Potions
 c - 2 potions of ambrosia
 h - 3 potions of might {unknown}
 i - 2 potions of resistance {unknown}
 k - 2 potions of degeneration {unknown}
 m - a potion of curing {unknown}
 p - a potion of lignification {unknown}
 x - a potion of invisibility {unknown}
 z - a potion of brilliance {unknown}
 A - a potion of heal wounds {unknown}


   Skills:
 + Level 6.8 Fighting
 + Level 2.0 Short Blades
 + Level 2.0 Long Blades
 + Level 2.0 Axes
 + Level 6.8 Maces & Flails
 + Level 2.0 Polearms
 + Level 2.0 Staves
 + Level 2.0 Ranged Weapons
 + Level 2.0 Throwing
 + Level 2.0 Armour
   Level 0.0 Dodging
 + Level 4.6 Stealth
 + Level 2.0 Shields
 + Level 2.0 Unarmed Combat
 + Level 2.0 Spellcasting
 + Level 1.5 Conjurations
 + Level 1.5 Hexes
 + Level 1.5 Summonings
 + Level 1.5 Necromancy
 + Level 1.5 Translocations
 + Level 1.5 Transmutations
 + Level 1.5 Fire Magic
 + Level 1.5 Ice Magic
 + Level 1.5 Air Magic
 + Level 1.5 Earth Magic
 + Level 1.5 Poison Magic
 + Level 2.2 Invocations
 + Level 2.0 Evocations


You had 9 spell levels left.
You didn't know any spells.
Your spell library contained the following spells:

 Spells                   Type           Power      Damage    Failure   Level
 Sandblast                Erth           6%         2d5       22%         1
 Passwall                 Tmut/Erth      2%         N/A       32%         2
 Stone Arrow              Conj/Erth      6%         3d7       54%         3
 Animate Dead             Necr           3%         N/A       91%         4
 Borgnjor's Vile Clutch   Necr/Erth      1%         N/A       99%         5
 Death Channel            Necr           1%         N/A       100%        6


Dungeon Overview and Level Annotations

Branches:
Dungeon (4/15)             Temple (1/1) D:4

Altars:
Ashenzari
Cheibriados
Dithmenos
Fedhas
Hepliaklqana
Kikubaaqudgha
Makhleb
Qazlal
Ru
Sif Muna
Trog
Vehumet


Innate Abilities, Weirdness & Mutations

You have very sharp teeth.
You cannot train Dodging skill.
Your uncanny sense of smell can sniff out nearby items.
Your experience applies equally to all skills.


Message History

The scorpion is moderately wounded.
The scorpion stings you.
You are poisoned.
The scorpion poisons you! The scorpion stings you.
You are more poisoned.
The scorpion poisons you!
You hit the scorpion.
The scorpion is heavily wounded.
You feel very sick. The scorpion closely misses you.
You barely miss the scorpion.
The scorpion is heavily wounded.
You feel very sick. The scorpion stings you.
You are lethally poisoned!
The scorpion poisons you!
Unknown command.
You barely miss the scorpion.
The scorpion is heavily wounded.
You feel very sick. The scorpion stings you.
You closely miss the scorpion.
The scorpion is heavily wounded.
* * * LOW HITPOINT WARNING * * *
You feel very sick. The scorpion stings you.
* * * LOW HITPOINT WARNING * * *
The scorpion stings you but does no damage.
You hit the scorpion.
You bite the scorpion, but do no damage.
The scorpion is severely wounded.
* * * LOW HITPOINT WARNING * * *
You feel very sick. The scorpion stings you.
* * * LOW HITPOINT WARNING * * *
You are more poisoned.
The scorpion poisons you!
You thump the scorpion!
You kill the scorpion!
You die...

#..........# ##
########...##..........# ..##
#......................#
##...####..........##........<.#
..##...##...........#####.######
#.......#.........#.# ##.##
#....#............#.# ##...#####
..##..............#.###...).....
..#......†....?.@..†>.##....#.#..
....###..#.........#......÷#.#.#.
........##.............#..#.#†#.#
....###..#########.........#.>.#.
.# ##.# #........#.#.#.#
...#####.## #.........#.#.#.
..........##### #.....#....#.#..
#######.......# #.###.#.........
......#.......# .# #.#......##.


There were no monsters in sight!

Vanquished Creatures
  2 scorpions (D:4)
  A jelly (D:4)
  A sleepcap (D:4)
  2 orc wizards
  3 adders
  A worm (D:3)
  9 orcs
  An endoplasm (D:3)
  3 giant cockroaches (D:1)
  8 hobgoblins
  6 jackals
  2 quokkas
  6 ball pythons
  6 bats
  7 frilled lizards
  4 goblins
  10 kobolds
  6 rats
78 creatures vanquished.

Vanquished Creatures (others)
  An orc wizard (D:4)
1 creature vanquished.

Grand Total: 79 creatures vanquished

Notes
Turn   | Place    | Note
-------+----------+-------------------------------------------
     0 | D:1      | mopl the Gnoll Monk began the quest for the Orb.
     0 | D:1      | Reached XP level 1. HP: 23/23 MP: 1/1
   206 | D:1      | Reached XP level 2. HP: 29/29 MP: 2/2
   452 | D:1      | Reached XP level 3. HP: 33/35 MP: 3/3
   588 | D:1      | You fall into a shaft and drop 1 floor!
   682 | D:2      | Reached skill level 1 in Invocations
  1191 | D:2      | Reached skill level 1 in Short Blades
  1191 | D:2      | Reached skill level 1 in Long Blades
  1191 | D:2      | Reached skill level 1 in Axes
  1191 | D:2      | Reached skill level 1 in Polearms
  1191 | D:2      | Reached skill level 1 in Staves
  1191 | D:2      | Reached skill level 1 in Ranged Weapons
  1191 | D:2      | Reached skill level 1 in Throwing
  1191 | D:2      | Reached skill level 1 in Armour
  1191 | D:2      | Reached skill level 1 in Shields
  1191 | D:2      | Reached skill level 1 in Unarmed Combat
  1191 | D:2      | Reached skill level 1 in Spellcasting
  1191 | D:2      | Reached skill level 1 in Evocations
  1611 | D:2      | Found a faded altar of an unknown god.
  1903 | D:3      | Reached XP level 4. HP: 41/41 MP: 5/5
  1907 | D:3      | Found a stormy altar of Qazlal.
  2100 | D:3      | Found a shimmering blue altar of Sif Muna.
  2233 | D:3      | Identified the +5 mace of Obsession {pain, *Rage rElec rN++
                  | Stlth+}
  2267 | D:3      | Reached skill level 1 in Conjurations
  2267 | D:3      | Reached skill level 1 in Hexes
  2267 | D:3      | Reached skill level 1 in Summonings
  2267 | D:3      | Reached skill level 1 in Necromancy
  2267 | D:3      | Reached skill level 1 in Translocations
  2267 | D:3      | Reached skill level 1 in Transmutations
  2267 | D:3      | Reached skill level 1 in Fire Magic
  2267 | D:3      | Reached skill level 1 in Ice Magic
  2267 | D:3      | Reached skill level 1 in Air Magic
  2267 | D:3      | Reached skill level 1 in Earth Magic
  2267 | D:3      | Reached skill level 1 in Poison Magic
  2327 | D:3      | Found a hazy altar of Hepliaklqana.
  2327 | D:3      | Found a snail-covered altar of Cheibriados.
  2327 | D:3      | Found a bloodstained altar of Trog.
  2527 | D:4      | Found a staircase to the Ecumenical Temple.
  2527 | D:4      | Identified the +2 dagger of Syomaish {flame, rF+ Int+2
                  | SInv}
  2544 | Temple   | Entered the Ecumenical Temple
  2600 | Temple   | Became a worshipper of Ru the Awakened
  2619 | D:4      | Gained mutation: You cannot train Dodging skill. [Ru
                  | sacrifice]
  2619 | D:4      | Reduced skill Dodging to level 0
  2619 | D:4      | Reached * piety under Ru
  2647 | D:4      | Reached XP level 5. HP: 23/47 MP: 5/7
  2856 | D:4      | Reached skill level 2 in Invocations
  2905 | D:4      | Reached XP level 6. HP: 53/53 MP: 8/8
  2909 | D:4      | Reached skill level 2 in Short Blades
  2909 | D:4      | Reached skill level 2 in Long Blades
  2909 | D:4      | Reached skill level 2 in Axes
  2909 | D:4      | Reached skill level 2 in Polearms
  2909 | D:4      | Reached skill level 2 in Staves
  2909 | D:4      | Reached skill level 2 in Ranged Weapons
  2909 | D:4      | Reached skill level 2 in Throwing
  2909 | D:4      | Reached skill level 2 in Armour
  2909 | D:4      | Reached skill level 2 in Shields
  2909 | D:4      | Reached skill level 2 in Unarmed Combat
  2909 | D:4      | Reached skill level 2 in Spellcasting
  2909 | D:4      | Reached skill level 2 in Evocations
  2944 | D:4      | HP: 2/53 [poisoned by a scorpion]
  2945 | D:4      | Succumbed to a scorpion's poison

Illustrated notes

Levels and vault maps discovered:
D:1:      saegor_arrival_simple_a, layout_basic, chequers_decorated_corner,
          grunt_decor_mini_mirrors, wander_ebering_terrifying_dragon_lair
D:2:      layout_basic, dreamdust_ecumenical_altar_angels_and_demons
D:3:      layout_loops_ring, led_sif_pool, gammafunk_temple_overflow_claw,
          mainiacjoe_overflow_six_doors_small
D:4:      layout_rooms, minmay_temple_entry_grid, uniq_menkaure
Temple:   hellmonk_temple_of_storms

Skill      XL: |  1  2  3  4  5  6 |
---------------+-------------------+-----
Invocations    | 1 2 |  2.2
Short Blades   | 1 2 |  2.0
Long Blades    | 1 2 |  2.0
Axes           | 1 2 |  2.0
Polearms       | 1 2 |  2.0
Staves         | 1 2 |  2.0
Ranged Weapons | 1 2 |  2.0
Throwing       | 1 2 |  2.0
Armour         | 1 2 |  2.0
Shields        | 1 2 |  2.0
Unarmed Combat | 1 2 |  2.0
Spellcasting   | 1 2 |  2.0
Evocations     | 1 2 |  2.0
Conjurations   | 1 |  1.5
Hexes          | 1 |  1.5
Summonings     | 1 |  1.5
Necromancy     | 1 |  1.5
Translocations | 1 |  1.5
Transmutations | 1 |  1.5
Fire Magic     | 1 |  1.5
Ice Magic      | 1 |  1.5
Air Magic      | 1 |  1.5
Earth Magic    | 1 |  1.5
Poison Magic   | 1 |  1.5
Dodging        | 0 |  0.0
Fighting       | |  6.8
Maces & Flails | |  6.8
Stealth        | |  4.6

Action                     |  1- 3 |  4- 6 || total
---------------------------+-------+-------++-------
  Melee: Mace              |   118 |    87 ||   205
         Bite              |     6 |     9 ||    15
 Invoke: Sacrifice Nimblen |       |     1 ||     1
   Stab: Sleeping          |    15 |     6 ||    21
 Armour: Robe              |     7 |       ||     7
         Leather armour    |     9 |    26 ||    35
  Dodge: Dodged            |    78 |    52 ||   130

Table legend: (Time is in decaauts)
 A = Elapsed time spent in this place.
 B = Non-inter-level travel time spent in this place.
 C = Inter-level travel time spent in this place.
 D = Time resting spent in this place.
 E = Time spent auto-exploring this place.
 F = Levels seen in this place.
 G = Mean time per level.
                   A        B        C        D        E       F      G
               +--------+--------+--------+--------+--------+-----+--------+
         Total |   3010 |   2927 |     83 |    216 |   2046 |   5 |  602.0 |
       Dungeon |   2931 |   2859 |     72 |    216 |   2010 |   4 |  732.8 |
        Temple |     79 |     68 |     11 |      0 |     36 |   1 |   79.0 |
               +--------+--------+--------+--------+--------+-----+--------+

Top non-repeatable levels by time:
     D:1: 1016 daAuts
     D:2: 863 daAuts
     D:3: 798 daAuts
     D:4: 253 daAuts
  Temple: 79 daAuts
